 Dungeon Crawl Stone Soup version 0.19.5 (webtiles) character file.

7158 Azzok the Fighter (level 10, -25/96 HPs)
             Began as a Minotaur Fighter on July 18, 2017.
             Was a High Priest of Okawaru.
             Killed from afar by a ynoxinul (29 damage)
             ... with an iron shot
             ... on level 1 of the Abyss.
             The game lasted 00:14:44 (6665 turns).

Azzok the Fighter (Minotaur Fighter)                Turns: 6665, Time: 00:14:45

Health: -25/96     AC: 16    Str: 21    XL:     10   Next: 86%
Magic:  15/16      EV:  4    Int:  5    God:    Okawaru [*****.]
Gold:   541        SH: 10    Dex: 17    Spells: 0 memorised, 9 levels left

rFire  + . .     SeeInvis .     W - +2 demon blade (elec)
rCold  + . .     Gourm    .     d - +0 plate armour
rNeg   . . .     Faith    .     c - +0 shield
rPois  +         Spirit   .     (helmet restricted)
rElec  +         Reflect  .     K - +2 cloak
rCorr  +         Harm     .     (no gloves)
MR     .....                    B - +0 pair of boots
Stlth  ..........               (no amulet)
                                (no ring)
                                y - +4 ring of dexterity

@: resistant
A: retaliatory headbutt, horns 2
a: Heroism, Finesse, Renounce Religion


You were on level 1 of the Abyss.
You worshipped Okawaru.
Okawaru was extremely pleased with you.
You were not hungry.

You visited 1 branch of the dungeon, and saw 9 of its levels.
You visited the Abyss 1 time.

You collected 541 gold pieces.

Inventory:

Hand Weapons
 F - a +0 scimitar
 O - a +1 whip of flaming
 Q - a +0 longbow
 W - a +2 demon blade of electrocution (weapon)
 X - a +2 shortbow of flaming
Missiles
 l - 268 arrows
Armour
 c - a +0 shield (worn)
 d - a +0 plate armour (worn)
 B - a +0 pair of boots (worn)
 K - a +2 cloak (worn)
Jewellery
 y - a +4 ring of dexterity (left hand)
 U - an uncursed ring of protection from magic {unknown}
Wands
 z - a wand of confusion (26/48)
 P - a wand of lightning (6/15)
 R - a wand of disintegration (7/24)
 S - a wand of flame (18/48)
Scrolls
 e - 2 scrolls of immolation
 h - 2 scrolls of teleportation {unknown}
 k - 2 scrolls of enchant weapon {unknown}
 p - 4 scrolls of blinking {unknown}
 q - a scroll of noise {unknown}
 r - 2 scrolls of enchant armour {unknown}
 t - 6 scrolls of identify
 x - 6 scrolls of remove curse {unknown}
 A - 2 scrolls of fear {unknown}
 D - 3 scrolls of recharging {unknown}
 E - 2 scrolls of amnesia {unknown}
 G - a scroll of magic mapping {unknown}
 I - a scroll of random uselessness {unknown}
 N - a scroll of torment {unknown}
Potions
 b - 2 potions of flight {unknown}
 g - a potion of haste {unknown}
 i - 6 potions of curing {unknown}
 j - a potion of magic {unknown}
 m - 6 potions of heal wounds {unknown}
 o - a potion of cure mutation {unknown}
 s - 3 potions of lignification {unknown}
 u - 2 potions of mutation {unknown}
 C - a potion of invisibility {unknown}
 M - a potion of cancellation {unknown}
 T - a potion of ambrosia {unknown}
Books
 v - a book of Cantrips

   Spells                             Type                      Level
   a - Confusing Touch                Hexes                        1
   b - Animate Skeleton               Necromancy                   1
   c - Summon Small Mammal            Summoning                    1
   d - Apportation                    Translocation                1
 w - a book of Minor Magic

   Spells                             Type                      Level
   a - Magic Dart                     Conjuration                  1
   b - Blink                          Translocation                2
   c - Call Imp                       Summoning                    2
   d - Repel Missiles                 Charms/Air                   2
   e - Slow                           Hexes                        2
   f - Conjure Flame                  Conjuration/Fire             3
   g - Mephitic Cloud                 Conjuration/Poison/Air       3
Comestibles
 f - 8 bread rations {@e1}
 n - 3 meat rations {@e2}
 H - 6 beef jerkies
 J - 7 slices of pizza
 L - 6 fruits


   Skills:
 - Level 11.3 Fighting
 - Level 2.6 Long Blades
 * Level 10.9 Bows
 - Level 4.1 Armour
 - Level 4.1 Shields
 + Level 9.4 Invocations


You had 9 spell levels left.
You didn't know any spells.

Dungeon Overview and Level Annotations

Branches:
Dungeon (9/15)                Orc (0/2) D:9
 Temple: D:4-7         Lair: D:8-11

Altars:
Dithmenos
Okawaru
Trog

Shops:
D:6 *

Annotations:
D:9 Erolcha


Innate Abilities, Weirdness & Mutations

You reflexively headbutt those who attack you in melee.
You have a pair of horns on your head.


Message History

You block the manticore's attack.
The manticore claws you but does no damage.
You block the ufetubus's attack.
The ufetubus hits you but does no damage.
You hit the manticore.
You kill the manticore!
Okawaru is honoured by your kill.
The substance of the Abyss twists violently, and a gateway leading out appears!
You block the ufetubus's attack.
The ufetubus hits you but does no damage.
You block the ufetubus's attack.
The ufetubus hits you but does no damage.
The ynoxinul gestures.
The ufetubus hits you.
* * * LOW HITPOINT WARNING * * *
You block the ufetubus's attack.
The ufetubus hits you but does no damage. x4
The ynoxinul gestures at you. The iron shot hits you!
You die...

▒ · ▒ · ·▒ ·▒
·· ·· ·· ▒··▒
▒▒ ▒▒▒·▒·▒ ·
▒··▒· ▒··
·▒··▒ ▒ ▒
▒§·5▒▒▒·····▒
▒···@5▒x▒···▒
▒····5▒355···▒
▒···▒▒·▒5
▒5··▒·▒ ·
····▒▒▒·
▒·▒···· ··· ··
····▒ ▒▒·▒ ▒·
· ▒· ·▒··· ▒
·· ·· ▒ · ···▒
·· · · ▒ ▒·▒
▒▒·5 ▒ ·· · ▒


You could see a ynoxinul and 7 ufetubi.

Vanquished Creatures
  A large abomination (Abyss:1)
  Pikel (D:7)
  A manticore (shapeshifter) (Abyss:1)
  Maurice (D:8)
  Joseph (D:8)
  A two-headed ogre (D:9)
  Prince Ribbit (D:6)
  Sigmund (D:5)
  4 hogs (D:7)
  A human (D:7)
  A steam dragon (D:8)
  3 wargs
  Menkaure (D:5)
  Duvessa (D:4)
  An ice beast (D:8)
  2 phantoms
  A slave (D:7)
  4 centaurs
  2 ogres
  A big kobold (D:8)
  3 bullfrogs
  Dowan (D:4)
  A small abomination (Abyss:1)
  3 scorpions
  3 killer bees (D:8)
  A howler monkey (D:8)
  2 crimson imps
  A quasit (D:8)
  7 starcursed masses (Abyss:1)
  A bullfrog zombie (D:6)
  2 centaur zombies
  2 hounds
  6 orc wizards
  Crazy Yiuf (D:5)
  2 orc priests
  An iguana (D:6)
  2 jellies
  7 worker ants
  A killer bee zombie (D:8)
  A hound skeleton (D:9)
  A worker ant zombie (D:6)
  4 gnolls (D:3)
  A howler monkey skeleton (D:8)
  19 adders
  3 shadow imps
  2 worms
  3 dart slugs
  6 leopard geckos
  21 orcs
  10 giant cockroaches
  3 goblins (D:1)
  7 hobgoblins
  7 jackals
  11 kobolds
  4 quokkas
  9 bats
  4 frilled lizards
  A quokka zombie (D:5)
  8 rats
202 creatures vanquished.

Vanquished Creatures (others)
  A crimson imp (D:7)
  An orc priest (D:7)
  An orc wizard (D:7)
  An orc (D:7)
4 creatures vanquished.

Grand Total: 206 creatures vanquished

Notes
Turn   | Place    | Note
-------+----------+-------------------------------------------
     0 | D:1      | Azzok the Minotaur Fighter began the quest for the Orb.
     0 | D:1      | Reached XP level 1. HP: 19/19 MP: 0/0
    86 | D:1      | Reached XP level 2. HP: 20/27 MP: 1/1
   192 | D:1      | Reached skill level 4 in Fighting
   459 | D:1      | Reached XP level 3. HP: 33/33 MP: 2/2
  1143 | D:2      | Reached skill level 5 in Fighting
  1143 | D:2      | Reached XP level 4. HP: 42/42 MP: 3/3
  1461 | D:3      | Reached skill level 6 in Fighting
  1481 | D:3      | Reached XP level 5. HP: 40/50 MP: 4/4
  2013 | D:4      | Reached skill level 7 in Fighting
  2196 | D:4      | Reached XP level 6. HP: 61/61 MP: 5/5
  2216 | D:4      | Found a bloodstained altar of Trog.
  2528 | D:4      | Noticed Duvessa
  2528 | D:4      | Noticed Dowan
  2532 | D:4      | Killed Duvessa
  2532 | D:4      | Reached skill level 8 in Fighting
  2549 | D:4      | Killed Dowan
  2549 | D:4      | Reached skill level 9 in Fighting
  2706 | D:4      | Found an iron altar of Okawaru.
  2711 | D:4      | Became a worshipper of Warmaster Okawaru
  2720 | D:4      | Found a shadowy altar of Dithmenos.
  2744 | D:4      | Reached skill level 1 in Invocations
  2744 | D:4      | Reached XP level 7. HP: 46/70 MP: 6/6
  2953 | D:5      | Entered Level 5 of the Dungeon
  3156 | D:5      | Noticed Menkaure
  3167 | D:5      | Killed Menkaure
  3167 | D:5      | Reached * piety under Okawaru
  3172 | D:5      | Noticed Sigmund
  3179 | D:5      | Killed Sigmund
  3179 | D:5      | Reached skill level 10 in Fighting
  3179 | D:5      | Reached XP level 8. HP: 77/79 MP: 9/9
  3469 | D:5      | You fall through a shaft for 2 floors!
  3573 | D:6      | Reached skill level 1 in Bows
  3600 | D:6      | Reached ** piety under Okawaru
  3620 | D:6      | Reached skill level 5 in Invocations
  3703 | D:6      | Found Heyrulol's Assorted Antiques.
  3719 | D:6      | Reached skill level 11 in Fighting
  3842 | D:6      | Noticed Prince Ribbit
  3859 | D:6      | Killed Prince Ribbit
  4075 | D:5      | Found a runed door.
  4079 | D:5      | Noticed Crazy Yiuf
  4086 | D:5      | Killed Crazy Yiuf
  4371 | D:6      | Reached XP level 9. HP: 86/89 MP: 12/12
  4389 | D:6      | Reached *** piety under Okawaru
  4400 | D:6      | You fall through a shaft for 3 floors!
  4643 | D:7      | Noticed Pikel
  4659 | D:7      | Killed Pikel
  4659 | D:7      | Reached skill level 5 in Bows
  4912 | D:7      | Received a gift from Okawaru
  4934 | D:7      | Reached **** piety under Okawaru
  5297 | D:8      | Noticed Maurice
  5375 | D:8      | Killed Maurice
  5375 | D:8      | Reached XP level 10. HP: 72/96 MP: 15/15
  5649 | D:8      | Reached ***** piety under Okawaru
  5754 | D:8      | Noticed Joseph
  5779 | D:8      | Killed Joseph
  6111 | D:8      | Found a shadowy altar of Dithmenos.
  6272 | D:9      | Found a staircase to the Orcish Mines.
  6411 | D:9      | Received a gift from Okawaru
  6432 | D:9      | Noticed Erolcha
  6437 | D:9      | Cast into level 1 of the Abyss (Erolcha)
  6437 | Abyss:1  | Found a corrupted altar of Lugonu.
  6506 | Abyss:1  | Noticed a starcursed mass
  6534 | Abyss:1  | Killed a starcursed mass
  6535 | Abyss:1  | Killed a starcursed mass
  6535 | Abyss:1  | Reached skill level 10 in Bows
  6559 | Abyss:1  | Noticed a large abomination
  6560 | Abyss:1  | Killed a starcursed mass
  6564 | Abyss:1  | Killed a large abomination
  6564 | Abyss:1  | Received a gift from Okawaru
  6655 | Abyss:1  | Noticed a manticore
  6655 | Abyss:1  | a golden eye changed into a manticore
  6665 | Abyss:1  | Killed a manticore
  6665 | Abyss:1  | HP: 4/96 [ufetubus[a ynoxinul] (4)]
  6665 | Abyss:1  | Killed from afar by a ynoxinul

Skill      XL: |  1  2  3  4  5  6  7  8  9 10 |
---------------+-------------------------------+-----
Shields        | 4 |  4.1
Fighting       | 4 5 6 7 9 10 11 | 11.3
Armour         | 4 |  4.1
Invocations    | 1 3 5 8 9 |  9.4
Bows           | 3 7 10 | 10.9
Long Blades    | |  2.6

Action                   |  1- 3 |  4- 6 |  7- 9 | 10-12 || total
-------------------------+-------+-------+-------+-------++-------
Melee: Long sword        |    74 |   123 |       |       ||   197
       Headbutt          |    14 |    25 |    82 |    41 ||   162
       Scimitar          |       |     6 |   289 |   110 ||   405
       Demon blade       |       |       |       |    64 ||    64
Invok: Heroism           |       |       |     1 |     1 ||     2
  Use: Potion            |       |     1 |       |     1 ||     2
       Scroll            |       |       |       |     1 ||     1
  Eat: Chunk             |     1 |     5 |     9 |     5 ||    20
Armor: Scale mail        |    28 |    51 |       |       ||    79
       Plate armour      |       |       |   185 |   127 ||   312
Dodge: Dodged            |    23 |    38 |    46 |    28 ||   135
Block: Shield            |    26 |    76 |   181 |   103 ||   386
       Rpst.: Long sword |     3 |     8 |       |       ||    11
       Scimitar          |       |       |    14 |     3 ||    17
       Demon blade       |       |       |       |     4 ||     4
